 Dungeon Crawl Stone Soup version 0.20.1-1-g8b1a95d (webtiles) character file.

85845 letownia2 the Severer (level 15, 0/128 HPs)
             Began as a Deep Dwarf Necromancer on Nov 23, 2017.
             Was an Initiate of Gozag.
             Killed from afar by a catoblepas (9 damage)
             ... with a blast of calcifying dust
             ... on level 2 of the Lair of Beasts on Nov 24, 2017.
             The game lasted 02:13:02 (30010 turns).

letownia2 the Severer (Deep Dwarf Necromancer)     Turns: 30010, Time: 02:13:03

Health: 0/128      AC: 21    Str: 16    XL:     15   Next: 39%
Magic:  26/29      EV: 14    Int: 19    God:    Gozag
Gold:   2009       SH:  0    Dex: 28    Spells: 19/34 levels left

rFire    + . .     SeeInvis .   b - +0 battleaxe (freeze)
rCold    . . .     Gourm    .   (shield currently unavailable)
rNeg     + + .     Faith    .   s - +1 chain mail of the Greedy {rElec Dex+6}
rPois    .         Spirit   .   p - +2 helmet
rElec    +         Reflect  .   A - +0 cloak
rCorr    .         Harm     .   n - +3 pair of gauntlets of War {Slay+5}
MR       +++..                  I - +2 pair of boots "Goeriwoi" {rElec MR+ Str-4 Dex+5}
Stlth    ..........             N - amulet of Traps {rF+ rN+ Regen+ Stlth-}
Regen    0.0/turn               U - ring of Tashanawk {rElec Str+5 Dex+4 Slay+3}
MPRegen  0.3/turn               E - +3 ring of evasion

@: very slightly contaminated, non-regenerating
A: damage resistance, heal wounds, negative energy resistance 1, sense
surroundings 2, no regeneration
a: Heal Wounds, Potion Petition, Call Merchant, Bribe Branch, Renounce Religion


You were on level 2 of the Lair of Beasts.
You worshipped Gozag.
Gozag was most pleased with you.
You were hungry.

You visited 3 branches of the dungeon, and saw 21 of its levels.
You also visited: Bailey and Ice Cave.

You collected 8311 gold pieces.
You spent 833 gold pieces at shops.
You paid 5469 gold pieces to Gozag.

Inventory:

Hand Weapons
 a - a +1 battleaxe of flaming
 b - a +0 battleaxe of freezing (weapon)
 u - the +3 scimitar of the Several Tales {holy, SInv}
   (You took it off an orc knight in a bailey)

   It has been blessed by the Shining One to cause great damage to the undead
   and demons.
   It lets you see invisible.
Missiles
 t - 15 poisoned needles
Armour
 n - the +3 pair of gauntlets of War (worn) {Slay+5}
   (You found it on level 4 of the Lair of Beasts)

   It affects your accuracy and damage with ranged weapons and melee attacks
   (+5).
 p - a +2 helmet (worn)
 s - the +1 chain mail of the Greedy (worn) {rElec Dex+6}
   (You found it in an ice cave)

   It affects your dexterity (+6).
   It insulates you from electricity.
 A - a +0 cloak (worn)
 F - a +1 scale mail of fire resistance
 I - the +2 pair of boots "Goeriwoi" (worn) {rElec MR+ Str-4 Dex+5}
   (You found it on level 9 of the Dungeon)

   It affects your strength (-4).
   It affects your dexterity (+5).
   It insulates you from electricity.
   It affects your resistance to hostile enchantments.
 M - the +0 pair of gloves of Submission {Str+6 Int+2 Stlth-}
   (You found it on level 1 of the Lair of Beasts)

   It affects your strength (+6).
   It affects your intelligence (+2).
   It makes you less stealthy.
Magical Staves
 d - an uncursed staff of power
 l - an uncursed staff of wizardry
Jewellery
 x - an uncursed ring of protection from cold
 E - a +3 ring of evasion (right hand)
 N - the amulet of Traps (around neck) {rF+ rN+ Regen+ Stlth-}
   (You found it on level 12 of the Dungeon)

   [amulet of regeneration]

   It protects you from fire.
   It protects you from negative energy.
   It increases your rate of regeneration.
   It makes you less stealthy.
 U - the ring of Tashanawk (left hand) {rElec Str+5 Dex+4 Slay+3}
   (You bought it in a shop on level 9 of the Dungeon)

   [ring of dexterity]

   It affects your strength (+5).
   It affects your dexterity (+4).
   It affects your accuracy and damage with ranged weapons and melee attacks
   (+3).
   It insulates you from electricity.
Wands
 f - a wand of paralysis (9/24)
 m - a wand of polymorph (6/24)
 o - a wand of paralysis (3/24)
 y - a wand of digging (17/24)
 D - a wand of clouds (2/9)
 J - a wand of iceblast (1/15)
 L - a wand of confusion (1/48)
Scrolls
 h - 9 scrolls of teleportation
 j - a scroll of immolation
 C - 2 scrolls of magic mapping
 K - 3 scrolls of blinking
 T - a scroll of holy word
 X - 3 scrolls of fog
Potions
 e - 2 potions of magic
 g - a potion of resistance
 k - 2 potions of agility {unknown}
 q - 6 potions of curing
 r - 3 potions of cancellation
 v - 2 potions of flight
 w - 2 potions of haste {unknown}
 z - 2 potions of mutation
 Q - 2 potions of heal wounds
 W - a potion of ambrosia {unknown}
 Y - 2 potions of might {unknown}
Miscellaneous
 S - a lightning rod (4/4)
 V - a lamp of fire
Comestibles
 c - 5 bread rations
 i - a meat ration


   Skills:
 - Level 6.9 Fighting
 + Level 17.2 Axes
 - Level 3.4 Armour
 - Level 6.3 Dodging
 - Level 2.4 Stealth
 - Level 10.0 Spellcasting
 - Level 3.3 Conjurations
 - Level 2.2 Summonings
 - Level 14.3 Necromancy
 - Level 3.1 Air Magic
 - Level 3.3 Poison Magic
 - Level 9.0 Evocations


You had 19 spell levels left.
You knew the following spells:

 Your Spells              Type           Power        Failure   Level  Hunger
a - Pain                  Necr           ####         1%          1    None
e - Mephitic Cloud        Conj/Pois/Air  ###.....     69%         3    None
i - Silence               Hex/Air        ###.......   100%        5    #####..
p - Poisonous Vapours     Pois/Air       ###...       45%         2    None
v - Vampiric Draining     Necr           ######....   1%          3    None
z - Summon Butterflies    Summ           ###.....     45%         1    None


Dungeon Overview and Level Annotations

Branches:
Dungeon (14/15)            Temple (0/1) D:4            Lair (6/6) D:9
 Shoals (0/4) Lair:4        Snake (1/4) Lair:2        Slime (0/5) Lair:5
    Orc (0/2) D:9          Vaults (0/5) D:14

Altars:
Elyvilon
Gozag
Kikubaaqudgha
Qazlal
Ru
Vehumet
Yredelemnul

Shops:
D:7 *   D:9 =   D:13 }   Lair:1 =   Lair:2 ([[=

Portals:
Trove: D:12 (give +3 ice dragon scales)

Annotations:
D:8 exclusion: hydra
D:10 1 exclusion, KromesxD's ghost, journeyman HuIE
D:12 exclusion: orange crystal statue
D:13 1 exclusion
D:14 1 exclusion
Lair:3 exclusion: 2 oklob plants


Innate Abilities, Weirdness & Mutations

You are resistant to damage.
You can heal yourself by infusing magical energy.
You resist negative energy. (rN+)
You passively map the area around you.
You do not regenerate.


Message History

The catoblepas is lightly wounded.
You feel life coursing into your body. The catoblepas gores you!
* * * LOW HITPOINT WARNING * * *
Unknown command.
Unknown command.
Unknown command.
Unknown command.
Blink to where?
Press: ? - help, Dir - move target cursor, p - catoblepas You are very lightly contaminated with residual magic.
As you read the scroll of blinking, it crumbles to dust.
There is an open door here.
There is an entrance to Puukh's Armour Emporium here.
You close the door.
There is an entrance to Athriynuth's Jewellery Shoppe here.
There is a stone staircase leading up, spattered with blood here.
The catoblepas breathes a plume of calcifying dust at you.
The blast of calcifying dust hits you!
You die...
Your body crumbles into a pile of gold.

#.###..#.8...## ###........P..P..
####.#.#...#.# #.#..#####.#P..#.
# ###.....#.# ##..## ###..##[ #
##.....## #..# ##....
#########'.##### ##.# #....
##.##.#.....##.####.# #....
..8..#.#.##..##.8.### ####.#..
.....#.......#∩....#######.##.#..
8.>..'...8...+∩∩@.8#.............
.............#§§...#.............
#.8.##.#.#..Y§#.8.##..........###
#.####......#######...........#
.########.#..### #......§§....###
.....##.....##.# #....§§......##.
###.##.#......## #...............
.#####.....Y.#####.<.§§#####...≈.
.# #...8...#.....§#### ##..≈≈


There were no monsters in sight!

Vanquished Creatures
  A frost giant (IceCv)
  2 anacondas (Snake:1)
  8 hydras
  7 two-headed ogres
  Erica (D:10)
  A centaur warrior (D:14)
  A death knight (D:13)
  2 death yaks
  A naga sharpshooter (Snake:1)
  A shock serpent (Snake:1)
  3 unseen horrors
  2 wizards (D:14)
  2 naga ritualists (Snake:1)
  A lindwurm (Lair:4)
  2 orc knights (Bailey)
  A necromancer (D:14)
  7 deep elf magi
  A harpy (IceCv)
  2 mana vipers (Snake:1)
  6 ugly things
  A cyclops (D:11)
  A manticore (D:13)
  The ghost of Thaneod the Skirmisher, a novice MiFi (Bailey)
  8 elephants
  A naga mage (Snake:1)
  An ice statue (IceCv)
  9 black mambas
  A gargoyle (D:13)
  6 spiny frogs
  A rime drake (Lair:5)
  An efreet (D:14)
  9 komodo dragons
  2 jumping spiders (shapeshifter)
  7 hornets
  4 trolls
  17 polar bears
  12 blink frogs
  12 dream sheep
  A meliai zombie (D:12)
  13 hippogriffs
  A shadow (D:13)
  14 spriggans
  63 yaks
  3 wyverns
  3 wraiths
  3 hogs
  A human (D:7)
  The ghost of letownia2 the Grave Robber, an amateur DDNe (D:5)
  5 basilisks
  2 hungry ghosts
  2 wargs (D:8)
  An acid dragon (D:14)
  5 nagas
  28 water moccasins
  9 porcupines
  4 sky beasts
  12 ice beasts
  7 orc warriors
  A necrophage (D:7)
  5 boggarts (Lair:6)
  4 ogres
  3 black bears (Lair:6)
  45 wolves
  9 centaurs
  8 crocodiles
  A big kobold (D:8)
  8 bullfrogs
  A wyvern zombie (D:10)
  8 scorpions
  5 killer bees (D:11)
  6 wights
  6 crimson imps
  2 centaur zombies
  A bullfrog zombie (D:9)
  7 hounds
  15 jellies
  4 centaur skeletons
  10 orc priests
  5 human zombies (D:7)
  3 human skeletons (D:7)
  Jessica (D:2)
  A bullfrog skeleton (D:11)
  An iguana (D:5)
  Natasha (thrice) (D:3)
  13 orc wizards
  13 worker ants
  A killer bee zombie (D:10)
  A hound zombie (D:7)
  A mummy (D:7)
  A worker ant zombie (D:9)
  21 adders
  7 shadow imps
  6 oozes
  3 adder zombies (D:6)
  An adder skeleton (D:7)
  The ghost of letownia2 the Grave Robber, a weakling DDNe (D:3)
  A dart slug (D:2)
  5 leopard geckos
  58 orcs
  5 giant cockroaches
  8 goblins
  11 hobgoblins
  13 jackals
  9 kobolds
  3 quokkas
  A ball python zombie (D:5)
  5 bats
  4 frilled lizards
  A jackal skeleton (D:5)
  A leopard gecko zombie (D:9)
  A quokka skeleton (D:5)
  10 rats
  A fungus (Lair:2)
  A plant (Lair:6)
694 creatures vanquished.

Vanquished Creatures (collateral kills)
  3 polar bears (IceCv)
  2 wolves (IceCv)
  3 yaks (IceCv)
8 creatures vanquished.

Vanquished Creatures (others)
  2 deep elf magi (D:13)
  Maurice (D:10)
  A polar bear (IceCv)
  2 yaks (IceCv)
  A wyvern zombie (D:13)
  21 fungi
  5 plants
33 creatures vanquished.

Grand Total: 735 creatures vanquished

Notes
Turn   | Place    | Note
-------+----------+-------------------------------------------
     0 | D:1      | letownia2 the Deep Dwarf Necromancer began the quest for the Orb.
     0 | D:1      | Reached XP level 1. HP: 15/15 MP: 3/3
   324 | D:1      | Reached XP level 2. HP: 20/22 MP: 0/4
   515 | D:3      | Reached skill level 5 in Necromancy
   584 | D:3      | Noticed letownia2's ghost (weakling DDNe)
   600 | D:2      | Reached XP level 3. HP: 8/28 MP: 0/6
   623 | D:1      | Learned a level 3 spell: Vampiric Draining
   689 | D:2      | Noticed Jessica
   693 | D:2      | Killed Jessica
   899 | D:3      | Noticed Natasha
  1137 | D:4      | Found a sacrificial altar of Ru.
  1368 | D:4      | Reached XP level 4. HP: 26/36 MP: 0/7
  1526 | D:4      | Found an opulent altar of Gozag.
  1756 | D:3      | Killed Natasha
  1812 | D:4      | Became a worshipper of Gozag Ym Sagoz the Greedy
  2078 | D:1      | Reached XP level 5. HP: 30/42 MP: 7/9
  2462 | D:1      | You fall through a shaft!
  2600 | D:2      | Found a white marble altar of Elyvilon.
  3451 | D:4      | Found a staircase to the Ecumenical Temple.
  3733 | D:5      | Entered Level 5 of the Dungeon
  3831 | D:5      | Reached XP level 6. HP: 33/49 MP: 3/11
  3859 | D:5      | Noticed letownia2's ghost (amateur DDNe)
  3956 | D:5      | Noticed an ice beast
  3986 | D:5      | Killed an ice beast
  3986 | D:5      | Reached skill level 1 in Fighting
  4145 | D:5      | Reached XP level 7. HP: 51/60 MP: 5/12
  4387 | D:6      | Found a basalt altar of Yredelemnul.
  4426 | D:6      | Noticed a two-headed ogre
  4476 | D:6      | Found a stormy altar of Qazlal.
  4935 | D:7      | Reached skill level 1 in Evocations
  5114 | D:7      | Reached XP level 8. HP: 50/67 MP: 0/15
  5160 | D:7      | Reached skill level 5 in Spellcasting
  5983 | D:7      | Gained mutation: You passively map the area around you. [Deep Dwarf growth]
  5983 | D:7      | Reached XP level 9. HP: 51/73 MP: 1/20
  6511 | D:8      | Reached skill level 1 in Armour
  6797 | D:8      | Noticed a troll
  6805 | D:8      | Killed a troll
  6837 | D:8      | Found an ancient bone altar of Kikubaaqudgha.
  6837 | D:8      | Noticed an eight-headed hydra
  7039 | D:9      | Got a pair of fine boots
  7045 | D:9      | Identified the +2 pair of boots "Goeriwoi" {rElec MR+ Str-4 Dex+5} (You found it on level 9 of the Dungeon)
  7057 | D:9      | Found a flagged portal.
  7094 | D:9      | Noticed an elephant
  7128 | Bailey   | Entered a bailey
  7511 | Bailey   | Noticed an orc knight
  7516 | Bailey   | Noticed Thaneod's ghost (novice MiFi)
  7528 | Bailey   | Killed Thaneod's ghost
  7528 | Bailey   | Reached skill level 5 in Evocations
  7538 | Bailey   | Reached XP level 10. HP: 82/85 MP: 22/22
  7592 | Bailey   | Killed an orc knight
  7639 | Bailey   | Noticed an orc knight
  7755 | Bailey   | Killed an orc knight
  7758 | Bailey   | Got a pitted scimitar {holy}
  7759 | Bailey   | Identified the +3 scimitar of the Several Tales {holy, SInv} (You took it off an orc knight in a bailey)
  7901 | Bailey   | Got a pair of bloodstained boots
  7914 | Bailey   | Identified the +0 pair of boots of Hedge Wizardry {-Tele rN+++ Str-5 Dex+3} (You found it in a bailey)
  8030 | D:9      | Killed an elephant
  8304 | D:9      | Reached skill level 5 in Dodging
  8380 | D:9      | Noticed a two-headed ogre
  8542 | D:9      | Found a staircase to the Orcish Mines.
  8617 | D:9      | Found a staircase to the Lair.
  8691 | D:9      | Killed a two-headed ogre
  8691 | D:9      | Reached skill level 2 in Axes
  8885 | D:10     | Entered Level 10 of the Dungeon
  8958 | D:10     | Reached skill level 5 in Fighting
  8978 | D:10     | Reached skill level 3 in Axes
  9124 | D:10     | Noticed KromesxD's ghost (journeyman HuIE)
  9541 | D:10     | Noticed Maurice
  9551 | D:10     | Noticed Erica
  9560 | D:10     | Killed Maurice
  9560 | D:10     | Reached XP level 11. HP: 77/96 MP: 20/23
  9585 | D:10     | Killed Erica
  9585 | D:10     | Reached skill level 4 in Axes
  9938 | D:11     | Noticed a two-headed ogre
  9959 | D:11     | Killed a two-headed ogre
  9959 | D:11     | Reached skill level 5 in Axes
 10131 | D:11     | Noticed a white ugly thing
 10156 | D:11     | Killed a white ugly thing
 10329 | D:5      | Killed a two-headed ogre
 10329 | D:5      | Reached skill level 6 in Axes
 10608 | D:3      | Killed letownia2's ghost
 10708 | D:3      | Noticed Natasha
 10717 | D:3      | Killed Natasha
 10717 | D:3      | Noticed Natasha
 10726 | D:3      | Killed Natasha
 11236 | D:5      | Killed letownia2's ghost
 11542 | D:11     | Found a radiant altar of Vehumet.
 11665 | D:11     | Killed an unseen horror
 11665 | D:11     | Reached skill level 10 in Necromancy
 11894 | D:11     | Noticed a six-headed hydra
 11910 | D:11     | Killed a six-headed hydra
 12050 | D:11     | Noticed a brown ugly thing
 12070 | D:11     | Killed a brown ugly thing
 12224 | D:9      | Bought the ring of Tashanawk {rElec Str+5 Dex+4 Slay+3} for 833 gold pieces
 12573 | D:12     | Learned a level 1 spell: Summon Butterflies
 12576 | D:12     | Learned a level 2 spell: Poisonous Vapours
 12580 | D:12     | Learned a level 3 spell: Mephitic Cloud
 12671 | D:12     | Got a wavering crystal amulet
 12679 | D:12     | Found a portal to a secret trove of treasure.
 12802 | D:12     | Killed an unseen horror
 12833 | D:12     | Reached skill level 1 in Conjurations
 12896 | D:12     | Noticed an orange crystal statue
 12899 | D:12     | Identified the amulet of Traps {rF+ rN+ Regen+ Stlth-} (You found it on level 12 of the Dungeon)
 12938 | D:12     | Reached XP level 12. HP: 96/106 MP: 24/24
 12958 | D:12     | Reached skill level 1 in Summonings
 13090 | D:12     | Reached skill level 1 in Air Magic
 13090 | D:12     | Reached skill level 1 in Poison Magic
 13209 | D:13     | Noticed a death knight
 13225 | D:13     | Killed a death knight
 13341 | D:13     | Found Etruot's Gadget Boutique.
 13350 | D:13     | Learned a level 5 spell: Silence
 15279 | D:14     | Noticed a two-headed ogre
 15348 | D:14     | Got a pair of dazzling gloves
 15354 | D:14     | Identified the +1 pair of gloves "Akkaxkir" {+Blink rN+ MP-9} (You found it on level 14 of the Dungeon)
 15471 | D:14     | Noticed a two-headed ogre
 15471 | D:14     | Noticed a two-headed ogre
 15486 | D:14     | Killed a two-headed ogre
 15588 | D:14     | Killed a two-headed ogre
 15850 | D:14     | Noticed a centaur warrior
 15863 | D:14     | Killed a centaur warrior
 15863 | D:14     | Reached XP level 13. HP: 108/114 MP: 9/25
 16213 | D:14     | Found a gate to the Vaults.
 16483 | D:14     | Reached skill level 7 in Axes
 16713 | Lair:1   | Entered Level 1 of the Lair of Beasts
 16873 | Lair:1   | Reached skill level 8 in Axes
 17199 | Lair:1   | Got a pair of faintly glowing gloves
 17205 | Lair:1   | Identified the +0 pair of gloves of Submission {Str+6 Int+2 Stlth-} (You found it on level 1 of the Lair of Beasts)
 17210 | Lair:1   | Got a dazzling spear
 17211 | Lair:1   | Identified the cursed +1 spear "Rautiufi" {antimagic, rC+ Str+3} (You found it on level 1 of the Lair of Beasts)
 17795 | Lair:2   | Found a staircase to the Snake Pit.
 17877 | Lair:2   | Reached skill level 9 in Axes
 18937 | Lair:3   | Reached skill level 10 in Axes
 19209 | Lair:3   | Found a frozen archway.
 19415 | IceCv    | Entered an ice cave
 20175 | IceCv    | Reached skill level 11 in Axes
 21325 | IceCv    | Noticed a frost giant
 21335 | IceCv    | Killed a frost giant
 21335 | IceCv    | Gained mutation: You resist negative energy. (rN+) [Deep Dwarf growth]
 21335 | IceCv    | Reached XP level 14. HP: 37/121 MP: 5/27
 21419 | IceCv    | Got a jewelled chain mail
 21430 | IceCv    | Identified the cursed +1 chain mail of the Greedy {rElec Dex+6} (You found it in an ice cave)
 21979 | Lair:3   | Reached skill level 10 in Spellcasting
 22725 | Lair:4   | Found a staircase to the Shoals.
 22752 | Lair:4   | Reached skill level 12 in Axes
 24150 | D:7      | Found a basalt altar of Yredelemnul.
 25026 | Lair:5   | Reached skill level 13 in Axes
 26158 | Lair:5   | Found a staircase to the Slime Pits.
 26830 | D:13     | Reached skill level 14 in Axes
 27040 | Lair:6   | Entered Level 6 of the Lair of Beasts
 27997 | Lair:5   | Reached skill level 15 in Axes
 28562 | Lair:6   | Reached XP level 15. HP: 126/128 MP: 6/29
 28605 | Lair:6   | Reached skill level 16 in Axes
 28753 | Lair:6   | Paralysed by a hornet for 3 turns
 29685 | Snake:1  | Entered Level 1 of the Snake Pit
 29763 | Snake:1  | Reached skill level 17 in Axes
 30010 | Lair:2   | Killed from afar by a catoblepas

Skill      XL: |  1  2  3  4  5  6  7  8  9 10 11 12 13 14 15 |
---------------+----------------------------------------------+-----
Spellcasting   | 2 3 4 7 8 9 10 | 10.0
Necromancy     | 5 6 7 8 9 11 13 14 | 14.3
Fighting       | 2 4 5 6 |  6.9
Evocations     | 3 5 9 |  9.0
Armour         | 3 |  3.4
Dodging        | 6 |  6.3
Axes           | 3 6 11 15 17 | 17.2
Conjurations   | 1 3 |  3.3
Summonings     | 2 |  2.2
Air Magic      | 3 |  3.1
Poison Magic   | 3 |  3.3
Stealth        | |  2.4

Action                   |  1- 3 |  4- 6 |  7- 9 | 10-12 | 13-15 || total
-------------------------+-------+-------+-------+-------+-------++-------
Melee: Unarmed           |     3 |       |       |       |       ||     3
       Dagger            |       |    30 |   249 |   376 |     2 ||   657
       Staff             |       |       |     1 |       |       ||     1
       Scimitar          |       |       |       |   121 |   108 ||   229
       Broad axe         |       |       |       |     5 |       ||     5
       Spear             |       |       |       |       |  1259 ||  1259
       Battleaxe         |       |       |       |       |   245 ||   245
Throw: Throwing net      |       |       |       |       |     1 ||     1
 Cast: Pain              |    43 |    87 |   106 |    92 |     2 ||   330
       Vampiric Draining |     9 |    13 |    77 |   240 |   362 ||   701
       Poisonous Vapours |       |       |       |    48 |    10 ||    58
       Mephitic Cloud    |       |       |       |    22 |    13 ||    35
Invok: Call Merchant     |       |       |     1 |     1 |     4 ||     6
Evoke: Wand              |       |     1 |    23 |    29 |    70 ||   123
       Sack of spiders   |       |       |       |       |     2 ||     2
       Lamp of fire      |       |       |       |       |     1 ||     1
  Use: Scroll            |       |     3 |     9 |     8 |    22 ||    42
       Potion            |       |       |     1 |     2 |     3 ||     6
 Stab: Sleeping          |       |     1 |     1 |     4 |       ||     6
       Distracted        |       |       |       |     1 |    11 ||    12
       Confused          |       |       |       |     4 |    25 ||    29
       Held in net/web   |       |       |       |       |     1 ||     1
  Eat: Chunk             |     3 |     2 |       |       |       ||     5
       Meat ration       |       |     1 |     2 |     2 |     3 ||     8
       Royal jelly       |       |     1 |     1 |     2 |     5 ||     9
       Bread ration      |       |       |     1 |     4 |     3 ||     8
       Fruit             |       |       |       |     3 |     7 ||    10
Armor: Robe              |     5 |     1 |       |       |       ||     6
       Leather armour    |       |    15 |     2 |       |       ||    17
       Scale mail        |       |       |   145 |       |       ||   145
       Ring mail         |       |       |    13 |       |   151 ||   164
       Steam dragon scal |       |       |       |   277 |    36 ||   313
       Chain mail        |       |       |       |       |   805 ||   805
Dodge: Dodged            |    40 |    33 |   161 |   613 |  1101 ||  1948
Block: Buckler           |       |       |       |     3 |       ||     3
       Other             |       |       |       |       |    54 ||    54
       Rpst.: Scimitar   |       |       |       |    40 |    36 ||    76
